 Dungeon Crawl Stone Soup version 0.27-a0-909-g0721f309d1 (webtiles) character file.

Game seed: 5994936606263303380

39 Anon1729 the Grasshopper (level 3, -3/22 HPs)
             Began as a Kobold Warper on Apr 8, 2021.
             Slain by a gnoll
             ... wielding a +0 spear
              (6 damage)
             ... on level 2 of the Dungeon.
             The game lasted 00:03:42 (2158 turns).

Anon1729 the Grasshopper (Kobold Warper)            Turns: 2158, Time: 00:03:42

Health: -3/22      AC:  4    Str:  8    XL:     3   Next: 67%
Magic:  3/6        EV:  7    Int: 15    God:
Gold:   21         SH:  0    Dex: 14    Spells: 1/6 levels left

rFire    . . .     SeeInvis .   a - +0 short sword
rCold    . . .     Faith    .   (shield restricted)
rNeg     . . .     Spirit   .   b - +0 leather armour
rPois    .         Reflect  .   c - +1 hat
rElec    .         Harm     .   (no cloak)
rCorr    .         Rampage  .   (no gloves)
Will     .....                  (no boots)
Stlth    ++........             (no amulet)
HPRegen  0.07/turn              (no ring)
MPRegen  0.10/turn              (no ring)

@: flying, held
A: small, no large weapons, nightstalker 3
a: no special abilities


You were on level 2 of the Dungeon.
You visited 1 branch of the dungeon, and saw 2 of its levels.

You collected 21 gold pieces.

Inventory:

Hand Weapons
 a - a +0 short sword (weapon)
 j - a +1 whip of holy wrath
Missiles
 e - 5 boomerangs of dispersal (quivered)
Armour
 b - a +0 leather armour (worn)
 c - a +1 hat (worn)
Scrolls
 d - a scroll of blinking
 f - a scroll of vulnerability {unknown}
 i - a scroll of fear {unknown}
 k - a scroll of identify {unknown}
 l - a scroll of noise {unknown}


   Skills:
 + Level 2.5 Fighting
 - Level 3.0 Short Blades
 - Level 1.2 Throwing
 - Level 1.0 Armour
 + Level 2.9 Dodging
 + Level 1.0 Stealth
 + Level 2.4 Spellcasting
 * Level 3.4 Translocations


You had one spell level left.
You knew the following spells:

 Your Spells              Type           Power      Damage    Failure   Level
a - Blink                 Tloc           N/A        N/A       11%         2
b - Gell's Gravitas       Tloc           6%         N/A       22%         3

Your spell library contained the following spells:

 Spells                   Type           Power      Damage    Failure   Level
 Lesser Beckoning         Tloc           6%         N/A       22%         3
 Teleport Other           Tloc           12%        N/A       22%         3
 Manifold Assault         Tloc           12%        N/A       90%         5


Dungeon Overview and Level Annotations

Branches:
Dungeon (2/15)

Altars:
Makhleb


Innate Abilities, Weirdness & Mutations

You are small and have problems with some larger weapons.
You are completely attuned to the shadows.


Message History

You hit the hobgoblin.
You kill the hobgoblin!
No target in view!
No target in view!
No target in view!
No target in view!
No target in view!
No target in view!
No target in view!
No target in view!
No target in view!
A gnoll comes into view. It is wielding a +0 whip.
A gnoll is nearby!
A gnoll is nearby!
A gnoll comes into view.
It is wielding a +0 spear. 2 gnolls come into view.
The gnoll shouts! x3
The gnoll hits you with a +0 whip.
The gnoll throws a throwing net.
The throwing net hits you.
You become entangled in the net!
The gnoll hits you with a +0 spear.
Found a burning altar of Makhleb.
You see here a throwing net.
It was a potion of flight.
You feel very buoyant.
You fly up into the air.
The gnoll hits you with a +0 whip. The gnoll hits you with a +0 spear.
It was a potion of curing.
You feel better.
The gnoll hits you from afar with a +0 spear.
The gnoll hits you with a +0 whip. The gnoll hits you with a +0 spear.
Cast which spell? (? or * to list)
The spell is extremely dangerous to cast (22% risk of failure)!
Continue anyway?
Aiming: Gell's Gravitas (extremely dangerous; 22% risk of failure)
Press: ? - help, Dir - move target, f - gnoll
Aim: a gnoll, wielding a +0 spear Gravity reorients around the gnoll.
The gnoll collides with the gnoll! x3
The gnoll hits you from afar with a +0 spear.
* * * LOW HITPOINT WARNING * * *
The gnoll barely misses you.
The gnoll hits you from afar with a +0 spear.
You die...

###########
.# †# .# .#
.# #. .#
#.### ####
.#
#...##gg..
.# #..@.g..
.# #.##g.._
.# #.# #...
.# #.# ...
.# #.# #.
.# #.# .#
#.# .#
######.# .#
#......#


You could see 4 gnolls.

Vanquished Creatures
  A worm (D:2)
  2 dart slugs (D:1)
  An endoplasm (D:1)
  A giant cockroach (D:2)
  3 goblins
  3 hobgoblins
  2 jackals (D:1)
  3 kobolds (D:1)
  2 quokkas (D:1)
  5 ball pythons
  3 bats
  3 frilled lizards (D:1)
  A rat (D:1)
30 creatures vanquished.

Notes
Turn   | Place    | Note
-------+----------+-------------------------------------------
     0 | D:1      | Anon1729 the Kobold Warper began the quest for the Orb.
     0 | D:1      | Reached XP level 1. HP: 12/12 MP: 3/3
   295 | D:1      | Reached skill level 1 in Armour
   295 | D:1      | Reached XP level 2. HP: 12/17 MP: 5/5
   569 | D:1      | Learned a level 2 spell: Blink
   776 | D:1      | Reached XP level 3. HP: 22/22 MP: 6/6
   780 | D:1      | Learned a level 3 spell: Gell's Gravitas
  1849 | D:2      | Reached skill level 1 in Stealth
  2155 | D:2      | Found a burning altar of Makhleb.
  2158 | D:2      | Slain by a gnoll

Illustrated notes

Levels and vault maps discovered:
D:1:      heliophobic_arrival_battle_scene, layout_basic,
          chequers_serial_rivers_room_a, minmay_misc_feat_tiny
D:2:      layout_loops_ring, basic_ecumenical_altar, basic_altar

Skill      XL: |  1  2  3 |
---------------+----------+-----
Armour         | 1 |  1.0
Short Blades   | 3 |  3.0
Stealth        | 1 |  1.0
Fighting       | |  2.5
Throwing       | |  1.2
Dodging        | |  2.9
Spellcasting   | |  2.4
Translocations | |  3.4

Action                   || total
-------------------------++-------
Melee: Short sword       ||   129
 Cast: Gell's Gravitas   ||     1
  Use: Potion            ||     2
 Stab: Sleeping          ||     9
Armor: Leather armour    ||    13
Dodge: Dodged            ||    73

Table legend: (Time is in decaauts)
 A = Elapsed time spent in this place.
 B = Non-inter-level travel time spent in this place.
 C = Inter-level travel time spent in this place.
 D = Time resting spent in this place.
 E = Time spent auto-exploring this place.
 F = Levels seen in this place.
 G = Mean time per level.
                   A        B        C        D        E       F      G
               +--------+--------+--------+--------+--------+-----+--------+
         Total |   2154 |   2123 |     31 |    704 |   1119 |   2 | 1077.0 |
       Dungeon |   2154 |   2123 |     31 |    704 |   1119 |   2 | 1077.0 |
               +--------+--------+--------+--------+--------+-----+--------+

Top non-repeatable levels by time:
     D:1: 1476 daAuts
     D:2: 677 daAuts
